 Dungeon Crawl Stone Soup version 0.28-a0-925-gd5e1996cdb (webtiles) character file.

Game seed: 16624612730714086506

166 Conn the Sneak (level 5, -7/31 HPs)
             Began as an Octopode Fire Elementalist on Nov 26, 2021.
             Killed from afar by an electric eel (9 damage)
             ... with a bolt of electricity
             ... on level 6 of the Dungeon.
             The game lasted 00:08:22 (2373 turns).

Conn the Sneak (Octopode Fire Elementalist)         Turns: 2373, Time: 00:08:25

Health: -7/31      AC:  1    Str:  7    XL:     5   Next: 47%
Magic:  8/9        EV: 13    Int: 19    God:
Gold:   189        SH:  0    Dex: 12    Spells: 3/10 levels left

rFire   . . .      SeeInvis .   a - +0 dagger
rCold   . . .      Faith    .   (no shield)
rNeg    . . .      Spirit   .   (helmet restricted)
rPois   .          Reflect  .   d - amulet of magic regeneration
rElec   .          Harm     .   (no ring)
rCorr   .          Rampage  .   (no ring)
Will    .....                   (no ring)
Stlth   +++.......              (no ring)
HPRegen 0.10/turn               (no ring)
MPRegen 0.51/turn               (no ring)
                                (no ring)
                                (no ring)

@: no status effects
A: almost no armour, amphibious, 8 rings, camouflage 1, gelatinous body 1,
(nimble swimmer 1), tentacles
a: no special abilities


You were on level 6 of the Dungeon.
You visited 1 branch of the dungeon, and saw 4 of its levels.

You collected 189 gold pieces.

Inventory:

Hand Weapons
 a - a +0 dagger (weapon)
Jewellery
 d - an amulet of magic regeneration (around mantle)
Scrolls
 c - 2 scrolls of blinking {unknown}
Potions
 b - 2 potions of heal wounds {unknown}
 f - 2 potions of might {unknown}
 g - a potion of cancellation {unknown}
 h - a potion of mutation {unknown}
 i - a potion of haste {unknown}


   Skills:
 + Level 2.2 Dodging
 + Level 4.0 Stealth
 + Level 0.4 Unarmed Combat
 + Level 3.0 Spellcasting
 + Level 2.7 Conjurations
 + Level 3.9 Fire Magic


You had 3 spell levels left.
You knew the following spells:

 Your Spells              Type           Power      Damage    Failure   Level
a - Foxfire               Conj/Fire      60%        2x1d7     3%          1
b - Conjure Flame         Conj/Fire      15%        6-21      12%         3
c - Inner Flame           Hex/Fire       10%        N/A       21%         3

Your spell library contained the following spells:

 Spells                   Type           Power      Damage    Failure   Level
 Scorch                   Fire           34%        2d6       4%          2
 Flame Wave               Conj/Fire      15%        3d5       36%         4


Dungeon Overview and Level Annotations

Branches:
Dungeon (3/15)

Altars:
Hepliaklqana

Shops:
D:1 (*=*

Annotations:
D:3 Sigmund


Innate Abilities, Weirdness & Mutations

You cannot wear most types of armour.
You are amphibious.
You can wear up to eight rings at the same time.
Your skin changes colour to match your surroundings (Stealth+).
Your rubbery body absorbs attacks. (AC +1, EV +1)
((You are camouflaged near water. (Stealth+)))
You have tentacles for arms and can constrict up to eight enemies at once.


Message History

Confirm with . or Enter, or press ? or * to list all spells.
You conjure some foxfire!
The foxfire hits the electric eel.
The electric eel is moderately wounded.
The electric eel is engulfed in a cloud of scalding steam.
Unknown command.
Casting: Foxfire (safe; 3% risk of failure)
Confirm with . or Enter, or press ? or * to list all spells.
You conjure some foxfire!
The electric eel shoots out a bolt of lightning at you!
The bolt of electricity hits you!
The electric eel shoots out a bolt of lightning at you!
The bolt of electricity hits your foxfire!
The bolt of electricity hits you!
* * * LOW HITPOINT WARNING * * *
Okay, then.
Press: ? - help, v - describe, . - travel
Here: an electric eel (water) Some deep water.
Unknown command.
Press: ? - help, v - describe, . - travel
Here: an electric eel (water) Some deep water.
Unknown command.
Unknown command.
Unknown command.
Unknown command.
Unknown command.
As you read the scroll labelled HETUEMAU WIET, it crumbles to dust.
Wisps of shadow whirl around you...
It was a scroll of summoning.
The foxfire hits the dart slug.
You kill the dart slug!
The foxfire hits the electric eel.
The electric eel is moderately wounded.
A slug dart appears from out of your range of vision.
The slug dart hits your bullfrog zombie.
The electric eel is engulfed in a cloud of scalding steam.
The electric eel shoots out a bolt of lightning at you!
The bolt of electricity hits your steam dragon!
The bolt of electricity hits you!
You die...

#≈≈≈≈≈...≈#≈≈≈#
.≈≈S≈.≈..≈≈S≈§.
#≈≈≈v≈≈≈$≈≈≈#≈≈≈
≈≈≈≈≈§≈≈.≈≈≈≈§≈≈
≈≈≈≈v≈§...≈≈§≈≈≈
.≈≈≈≈§≈§<.≈§≈≈≈#
†≈≈≈≈≈§§.D§§≈≈≈≈
#≈†≈≈≈§@§Z≈#≈≈≈
##≈≈≈≈≈s§#≈≈≈≈≈≈
#.≈≈≈≈†.))≈≈≈##.##
.#≈#≈≈≈..≈≈≈#≈≈#.
###≈≈≈≈≈≈≈≈≈†#..
.....≈≈≈≈≈≈#.#.#
###.##≈≈.≈≈##..#
## ###.####..#
#.......# .


You could see 2 electric eels, a friendly steam dragon (summoned), a friendly
scorpion (summoned) and a friendly bullfrog zombie (summoned).

Vanquished Creatures
  2 electric eels (D:6)
  Robin (D:2)
  2 worms (D:2)
  7 dart slugs
  4 endoplasms
  3 giant cockroaches
  10 goblins
  7 hobgoblins
  4 jackals (D:1)
  3 kobolds
  4 quokkas
  5 ball pythons
  4 bats
  A frilled lizard (D:1)
  3 rats
60 creatures vanquished.

Vanquished Creatures (others)
  180 foxfires
  2 fungi (D:1)
  3 plants (D:1)
185 creatures vanquished.

Grand Total: 245 creatures vanquished

Notes
Turn   | Place    | Note
-------+----------+-------------------------------------------
     0 | D:1      | Conn the Octopode Fire Elementalist began the quest for the
                  | Orb.
     0 | D:1      | Reached XP level 1. HP: 11/11 MP: 3/3
    89 | D:1      | Reached XP level 2. HP: 8/17 MP: 3/5
   171 | D:1      | Found Jer Kusaomu's Jewellery Emporium.
   197 | D:1      | Found Wahiyv's Assorted Antiques.
   212 | D:2      | Reached skill level 3 in Stealth
   869 | D:2      | Reached XP level 3. HP: 21/21 MP: 6/6
   873 | D:2      | Learned a level 3 spell: Conjure Flame
   942 | D:1      | Found a faded altar of an unknown god.
  1062 | D:1      | Found Unaumnibb's Assorted Antiques.
  1287 | D:1      | Found Pogay's Antique Weapon Boutique.
  1841 | D:2      | Noticed Robin
  1846 | D:2      | Reached XP level 4. HP: 27/27 MP: 5/7
  1858 | D:2      | Killed Robin
  2099 | D:3      | Noticed Sigmund
  2108 | D:3      | Learned a level 3 spell: Inner Flame
  2187 | D:3      | You fall into a shaft and drop 3 floors!
  2191 | D:6      | Found a hazy altar of Hepliaklqana.
  2208 | D:6      | Reached XP level 5. HP: 19/31 MP: 7/9
  2333 | D:6      | Reached skill level 4 in Stealth
  2372 | D:6      | HP: 1/31 [electric eel/bolt of electricity (12)]
  2373 | D:6      | Killed from afar by an electric eel

Illustrated notes

Levels and vault maps discovered:
D:1:      wander_arrival_peaceful_grave, layout_rooms,
          dreamdust_ecumenical_altar_grove, serial_shops, shop_coins,
          nicolae_shop_advertising_works [nicolae_subvault_shop_adworks],
          shop_statue, nicolae_shop_statue_plus, minmay_close_crescents
D:2:      layout_basic, minivault_27, uniq_robin
D:3:      wander_river, layout_loops_ring, okawaru_ov_weapons_minmay,
          minmay_misc_feat_chi, minmay_misc_feat_columns, uniq_sigmund
D:6:      kennysheep_slugbush, layout_basic, mainiacjoe_overflow_cross_hatched,
          lemuel_crystal_altar, lemuel_tele_altar

Skill      XL: |  1  2  3  4  5 |
---------------+----------------+-----
Stealth        | 3 4 |  4.0
Conjurations   | 2 |  2.7
Spellcasting   | 3 |  3.0
Dodging        | |  2.2
Unarmed Combat | |  0.4
Fire Magic     | |  3.9

Action                   |  1- 3 |  4- 6 || total
-------------------------+-------+-------++-------
Melee: Unarmed           |     7 |       ||     7
       Tentacles         |     5 |     2 ||     7
       Constrict         |     6 |     3 ||     9
       Dagger            |    18 |    10 ||    28
 Cast: Foxfire           |    72 |    35 ||   107
  Use: Scroll            |       |     1 ||     1
 Stab: Sleeping          |     3 |     2 ||     5
Armor: Skin              |       |     1 ||     1
Dodge: Dodged            |    21 |    10 ||    31

Table legend: (Time is in decaauts)
 A = Elapsed time spent in this place.
 B = Non-inter-level travel time spent in this place.
 C = Inter-level travel time spent in this place.
 D = Time resting spent in this place.
 E = Time spent auto-exploring this place.
 F = Levels seen in this place.
 G = Mean time per level.
                   A        B        C        D        E       F      G
               +--------+--------+--------+--------+--------+-----+--------+
         Total |   2372 |   2260 |    112 |    109 |   1557 |   4 |  593.0 |
       Dungeon |   2372 |   2260 |    112 |    109 |   1557 |   4 |  593.0 |
               +--------+--------+--------+--------+--------+-----+--------+

Top non-repeatable levels by time:
     D:2: 1217 daAuts
     D:1: 852 daAuts
     D:6: 185 daAuts
     D:3: 117 daAuts
